[Event "SixDays Budapest IM-B January 2024"]
[Site "Budapest"]
[Date "2024.01.27"]
[Round "1.1"]
[White "Mouhamad, Joachim"]
[Black "Sgircea, Silvia-Raluca"]
[Result "1-0"]
[ECO "B36"]
[WhiteElo "2316"]
[BlackElo "2242"]
[Annotator "ChessBase"]
[PlyCount "77"]
[EventDate "2024.01.26"]
[EventType "tourn"]
[EventCountry "HUN"]
[SourceTitle "playchess.com"]
[Source "ChessBase"]
[SourceQuality "1"]
[TimeControl "5400+30"]

1. e4 c5 2. Nf3 Nc6 3. d4 cxd4 4. Nxd4 g6 5. c4 Nf6 6. Nc3 d6 7. Be2 Nxd4 8. Qxd4 Bg7 9. O-O O-O 10. Qd3 a5 11. Be3 a4 12. Bd4 Qa5 13. f4 Be6 14. f5 Bd7 15. Kh1 Bc6 16. Rf3 Nd7 17. Bxg7 Kxg7 18. Qd2 Qe5 19. Raf1 Kg8 20. Nd5 Bxd5 21. exd5 Qg7 22. h3 Nc5 23. Re3 Rae8 24. Bd1 Qf6 25. Ref3 Qe5 26. Kg1 Ne4 27. Qe3 Nc5 28. Qxe5 dxe5 29. f6 exf6 30. Rxf6 Re7 31. b4 Ne4 32. Rb6 Nd2 33. d6 Re6 34. c5 Nxf1 35. Kxf1 e4 36. Bxa4 Rb8 37. Bb3 Re5 38. c6 e3 39. c7 1-0

[Event "SixDays Budapest IM-B January 2024"]
[Site "Budapest"]
[Date "2024.01.27"]
[Round "1.2"]
[White "Nemitz, Alfred"]
[Black "Varadi, Viktor"]
[Result "1/2-1/2"]
[ECO "D36"]
[WhiteElo "2223"]
[BlackElo "2368"]
[Annotator "RC"]
[PlyCount "120"]
[EventDate "2024.01.26"]
[EventType "tourn"]
[EventCountry "HUN"]
[SourceTitle "playchess.com"]
[Source "ChessBase"]
[SourceQuality "1"]
[TimeControl "5400+30"]

1. d4 d5 2. c4 e6 3. Nc3 Nf6 4. cxd5 exd5 5. Bg5 c6 6. Qc2 h6 7. Bh4 Be7 8. e3 O-O 9. Bd3 Nbd7 10. Nf3 Re8 11. O-O a5 12. h3 Bd6 13. e4 dxe4 14. Nxe4 Be7 15. Rfe1 Nxe4 16. Rxe4 Bxh4 17. Rxe8+ Qxe8 18. Nxh4 Nf6 19. Bc4 Qe4 20. Qxe4 Nxe4 21. Ng6 Nd6 22. Ne5 Bf5 23. g4 Nxc4 24. Nxc4 Be6 25. b3 Kf8 26. f3 Ke7 27. Kf2 b5 28. Ne5 Kd6 29. Nd3 a4 30. Rb1 axb3 31. axb3 Ra3 32. Nc5 Ra2+ 33. Ke3 Bd5 34. Nd3 g5 35. h4 Ra3 36. hxg5 hxg5 37. Nc5 f6 38. Rb2 Ra1 39. Kf2 Rh1 40. Ke3 Re1+ 41. Kf2 Rc1 42. Ne4+ Bxe4 43. fxe4 Rc3 44. Re2 Rxb3 45. e5+ Ke6 46. exf6+ Kxf6 47. Rc2 Ke6 48. Rxc6+ Kd5 49. Rc5+ Kxd4 50. Rxg5 b4 51. Rb5 Kc4 52. Rb8 Rd3 53. Rc8+ Kb3 54. g5 Rd5 55. g6 Rg5 56. Rc6 Ka4 57. Kf3 Kb5 58. Kf4 Rg1 59. Re6 b3 60. Re3 Rxg6 1/2-1/2

[Event "SixDays Budapest IM-B January 2024"]
[Site "Budapest"]
[Date "2024.01.27"]
[Round "1.3"]
[White "Ihnat, Marek"]
[Black "Egresi, Mate"]
[Result "0-1"]
[ECO "B10"]
[WhiteElo "2111"]
[BlackElo "2389"]
[Annotator "RC"]
[PlyCount "84"]
[EventDate "2024.01.26"]
[EventType "tourn"]
[EventCountry "HUN"]
[SourceTitle "playchess.com"]
[Source "ChessBase"]
[SourceQuality "1"]
[TimeControl "5400+30"]

1. e4 c6 2. Nf3 d5 3. d3 dxe4 4. dxe4 Qxd1+ 5. Kxd1 Nf6 6. Nfd2 g5 7. Nc3 g4 8. a4 Bh6 9. Bc4 Nbd7 10. Nb3 Bxc1 11. Rxc1 Ne5 12. Bd3 b6 13. Re1 h5 14. Nd4 Bd7 15. Ba6 Kd8 16. Ke2 Kc7 17. Kf1 h4 18. f4 gxf3 19. Nxf3 Nfg4 20. Nxe5 Nxe5 21. Be2 a5 22. Nd1 Rh6 23. Kg1 Rf6 24. Rf1 Rxf1+ 25. Kxf1 Be6 26. b3 Rd8 27. Nf2 Rd4 28. Rd1 c5 29. Rxd4 cxd4 30. Nd3 Nxd3 31. Bxd3 Kd6 32. Ke2 Ke5 33. g3 hxg3 34. hxg3 Bc8 35. Kd2 Bb7 36. c3 Bxe4 37. Be2 Bd5 38. b4 dxc3+ 39. Kxc3 Ke4 40. bxa5 bxa5 41. g4 e5 42. Bd1 Kf4 0-1

[Event "SixDays Budapest IM-B January 2024"]
[Site "Budapest"]
[Date "2024.01.27"]
[Round "1.4"]
[White "Nemeth, Zoltan"]
[Black "Srinath, Rao S.V."]
[Result "1/2-1/2"]
[ECO "E67"]
[WhiteElo "2194"]
[BlackElo "2260"]
[Annotator "RC"]
[PlyCount "77"]
[EventDate "2024.01.26"]
[EventType "tourn"]
[EventCountry "HUN"]
[SourceTitle "playchess.com"]
[Source "ChessBase"]
[SourceQuality "1"]
[TimeControl "5400+30"]

1. d4 Nf6 2. c4 g6 3. Nc3 Bg7 4. g3 O-O 5. Bg2 d6 6. Nf3 Nbd7 7. O-O e5 8. dxe5 dxe5 9. Bg5 c6 10. Qc1 Re8 11. Rd1 Qc7 12. h3 a5 13. Nd2 Nc5 14. Bxf6 Bxf6 15. Nde4 Nxe4 16. Nxe4 Be7 17. c5 Be6 18. Ng5 Bd7 19. Qe3 Rad8 20. Rd2 Bc8 21. Rad1 Rxd2 22. Rxd2 Rd8 23. Ne4 Be6 24. a3 a4 25. Qc3 Rd5 26. Qb4 f5 27. Rxd5 cxd5 28. Nc3 Bxc5 29. Nxd5 Bxd5 30. Bxd5+ Kg7 31. Qxa4 Bxf2+ 32. Kg2 Bd4 33. Qa8 e4 34. Qxb7 Qxb7 35. Bxb7 Bxb2 36. a4 Bc3 37. g4 Kf6 38. gxf5 gxf5 39. Bc6 1/2-1/2

[Event "SixDays Budapest IM-B January 2024"]
[Site "Budapest"]
[Date "2024.01.27"]
[Round "1.5"]
[White "Kolimar, Kristof Pal"]
[Black "Semprun Martinez, Fernando"]
[Result "1-0"]
[ECO "D02"]
[WhiteElo "2304"]
[BlackElo "2071"]
[Annotator "RC"]
[PlyCount "91"]
[EventDate "2024.01.26"]
[EventType "tourn"]
[EventCountry "HUN"]
[SourceTitle "playchess.com"]
[Source "ChessBase"]
[SourceQuality "1"]
[TimeControl "5400+30"]

1. d4 d5 2. Nf3 Nf6 3. g3 g6 4. c4 c6 5. Qa4 Nfd7 6. cxd5 Nb6 7. Qd1 cxd5 8. Bg2 Bg7 9. Nc3 Nc6 10. e3 O-O 11. O-O Bf5 12. Nh4 Be6 13. b3 Rc8 14. Qd2 Qd7 15. Ba3 Bh3 16. Bc5 Bxg2 17. Kxg2 Na8 18. Rac1 Nc7 19. Rfd1 Rfd8 20. Nf3 Ne6 21. Ba3 Bf6 22. Qe2 Ng5 23. Nxg5 Bxg5 24. h4 Bf6 25. h5 g5 26. h6 Qf5 27. g4 Qg6 28. Qf3 e6 29. Rh1 Be7 30. Bb2 Rf8 31. Ne2 Nb4 32. Ba3 a5 33. Ng3 Rc2 34. Rxc2 Qxc2 35. Rc1 Qxa2 36. Bxb4 axb4 37. Rc7 Bd8 38. Rd7 Qa5 39. Rxb7 Qa6 40. Rd7 Qb6 41. Nh5 f5 42. gxf5 Rxf5 43. Qe2 Bf6 44. Nxf6+ Rxf6 45. Qc2 Rf5 46. Qc8+ 1-0

[Event "SixDays Budapest IM-B January 2024"]
[Site "Budapest"]
[Date "2024.01.28"]
[Round "2.1"]
[White "Sgircea, Silvia-Raluca"]
[Black "Semprun Martinez, Fernando"]
[Result "1-0"]
[ECO "A06"]
[WhiteElo "2242"]
[BlackElo "2071"]
[Annotator "RC"]
[PlyCount "51"]
[EventDate "2024.01.26"]
[EventType "tourn"]
[EventCountry "HUN"]
[SourceTitle "playchess.com"]
[Source "ChessBase"]
[SourceQuality "1"]
[TimeControl "5400+30"]

1. Nf3 d5 2. e3 Nf6 3. c4 e6 4. Nc3 Be7 5. b3 O-O 6. Bb2 c5 7. cxd5 Nxd5 8. a3 Nc6 9. Qc2 b6 10. h4 Bb7 11. Ng5 Bxg5 12. hxg5 g6 13. Ne4 f5 14. gxf6 Nxf6 15. Nxf6+ Rxf6 16. Bxf6 Qxf6 17. Qc3 e5 18. O-O-O Qxf2 19. Bc4+ Kh8 20. Rhf1 Qxg2 21. Rf7 Nd4 22. exd4 exd4 23. Qd3 Be4 24. Qf1 Qxf1 25. Rdxf1 Bf5 26. Re1 1-0

[Event "SixDays Budapest IM-B January 2024"]
[Site "Budapest"]
[Date "2024.01.28"]
[Round "2.2"]
[White "Srinath, Rao S.V."]
[Black "Kolimar, Kristof Pal"]
[Result "1-0"]
[ECO "B22"]
[WhiteElo "2260"]
[BlackElo "2304"]
[Annotator "RC"]
[PlyCount "119"]
[EventDate "2024.01.26"]
[EventType "tourn"]
[EventCountry "HUN"]
[SourceTitle "playchess.com"]
[Source "ChessBase"]
[SourceQuality "1"]
[TimeControl "5400+30"]

1. e4 c5 2. c3 Nf6 3. e5 Nd5 4. d4 cxd4 5. Nf3 e6 6. cxd4 d6 7. a3 Bd7 8. Bd3 Bc6 9. O-O Nd7 10. b4 a6 11. Re1 Be7 12. Qe2 dxe5 13. dxe5 O-O 14. h4 Bb5 15. Bxb5 axb5 16. Bb2 Bxh4 17. Qxb5 N7b6 18. Nbd2 Be7 19. Bd4 Qd7 20. Qd3 Rfc8 21. Ne4 h6 22. g3 Nc4 23. Bc5 Nb2 24. Qd2 Na4 25. Be3 Ndb6 26. Bxh6 Qxd2 27. Bxd2 Nc4 28. Bg5 Bxg5 29. Nfxg5 Nxe5 30. Nd6 Rd8 31. Nxb7 Rd5 32. Red1 Nd3 33. Ne4 Nab2 34. Rdb1 Nc4 35. Rb3 Rb8 36. Nec5 Nxc5 37. bxc5 Rd7 38. Rb4 Ne5 39. Nd6 Ra8 40. Rb5 Rc7 41. a4 Nd3 42. Nb7 Ra7 43. Ra3 Nc1 44. Nd6 Ne2+ 45. Kf1 Nd4 46. Rb8+ Kh7 47. Nb5 Nxb5 48. Rxb5 Rc6 49. a5 Kg6 50. Ke2 Kf5 51. Kd3 e5 52. Kc4 Rc8 53. a6 Rcc7 54. Rb6 e4 55. Kb5 Re7 56. Rb8 Ke6 57. Kb6 Kd5 58. c6 Rac7 59. Ra5+ Kd6 60. Rd8+ 1-0

[Event "SixDays Budapest IM-B January 2024"]
[Site "Budapest"]
[Date "2024.01.28"]
[Round "2.3"]
[White "Egresi, Mate"]
[Black "Nemeth, Zoltan"]
[Result "1/2-1/2"]
[ECO "C42"]
[WhiteElo "2389"]
[BlackElo "2194"]
[Annotator "TA"]
[PlyCount "69"]
[EventDate "2024.01.26"]
[EventType "tourn"]
[EventCountry "HUN"]
[SourceTitle "playchess.com"]
[Source "ChessBase"]
[SourceQuality "1"]
[TimeControl "5400+30"]

1. e4 e5 2. Nf3 Nf6 3. Nxe5 d6 4. Nf3 Nxe4 5. d4 d5 6. Bd3 Nc6 7. O-O Bg4 8. c4 Be7 9. cxd5 Qxd5 10. Nc3 Nxc3 11. bxc3 Bxf3 12. Qxf3 Qxf3 13. gxf3 O-O 14. Rb1 Na5 15. Rb5 {[%emt 0:00:21] Black is weak on the light squares} b6 {[%emt 0:00:16] The position is equal.} 16. Re5 Bd6 17. Re4 f5 18. Re2 g6 19. Bd2 (19. Bg5 {with more complications.} Kf7 20. Rfe1 Rae8 21. Re3) 19... Rfe8 20. Rxe8+ Rxe8 21. Rb1 Kf7 22. Kf1 Rd8 23. h3 c5 24. Bb5 Be7 25. Be3 cxd4 26. cxd4 g5 27. Rd1 Rd5 28. a4 Bf6 29. Rc1 Bd8 30. Rc8 f4 31. Bd2 {[%emt 0:00:25] [#] Bxa5 would now be deadly.} Rxd4 32. Bc3 Rd1+ 33. Ke2 Rc1 {[%emt 0:02:45] ...Bf6 is the strong threat.} 34. Bd7 {[%emt 0:03:05] [#]} (34. Kd2 $11 {remains equal.} Nb3+ 35. Kd3 (35. Ke2 Nd4+ 36. Kd2 Nb3+ 37. Kd3 Ke7 $11)) 34... Bf6 $1 $17 35. Bxa5 {[%emt 0:03:38] Weighted Error Value: White=0.13 (very precise) /Black=0.04 (flawless) .  Mistake:       	White=1     	---        Inaccurate:     	White=1     	Black=1      OK:         	White=9     	Black=9      Strong:       	---       	Black=1} 1/2-1/2

[Event "SixDays Budapest IM-B January 2024"]
[Site "Budapest"]
[Date "2024.01.28"]
[Round "2.4"]
[White "Varadi, Viktor"]
[Black "Ihnat, Marek"]
[Result "1-0"]
[ECO "B78"]
[WhiteElo "2368"]
[BlackElo "2111"]
[Annotator "TA"]
[PlyCount "69"]
[EventDate "2024.01.26"]
[EventType "tourn"]
[EventCountry "HUN"]
[SourceTitle "playchess.com"]
[Source "ChessBase"]
[SourceQuality "1"]
[TimeControl "5400+30"]

1. e4 c5 2. Nf3 d6 3. d4 cxd4 4. Nxd4 Nf6 5. Nc3 g6 6. Be3 Bg7 7. f3 O-O 8. Qd2 Nc6 9. Bc4 Bd7 10. O-O-O Rc8 11. Bb3 Nxd4 12. Bxd4 b5 13. Nd5 Nxd5 14. Bxg7 Kxg7 15. exd5 Qb6 {[%emt 0:05:20] White is slightly better.} 16. a3 a5 {[%emt 0:00:15][%cal Ba7a5,Ba5a4][%mdl 32] ...a4 would now be deadly.} 17. Rhe1 Rfe8 18. g4 Rc7 19. Re2 Rb7 (19... Rec8 $14 20. Qf4 (20. Rxe7 $2 a4 $19) 20... Be8) 20. Rde1 $16 {[%emt 0:09:08] White is more active. White now steadily converts the win.} Bc8 21. h4 a4 22. Ba2 {[%emt 0:07:17] aiming for h5.} Qc5 (22... b4 $14) 23. h5 $18 b4 24. axb4 Rxb4 {[%emt 0:02:21][%cal Oa4a3] [#]} 25. hxg6 $1 (25. Rxe7 Rxe7 26. Rxe7 Qg1+ 27. Re1 Qd4 28. Qxd4+ Rxd4 $11) 25... hxg6 $2 (25... fxg6 {keeps fighting.} 26. Rxe7+ Rxe7 27. Rxe7+ Kf6) 26. Rh2 {[%emt 0:03:19] Hoping for Qh6+.} (26. Rxe7 Rxe7 27. Rxe7 Ba6 $14) 26... Qd4 $2 (26... e5 27. dxe6 Bxe6 28. Qh6+ Kf6) 27. Qh6+ Kf6 28. Qh4+ Kg7 29. c3 {[%emt 0:01:11] White wants to mate with Qh6+.} (29. Rxe7 Qxb2+ 30. Kd2 Qd4+ (30... Rd4+ $2 31. Ke3 $19) 31. Kc1 Qa1+ (31... Qg1+ $2 32. Qe1 $19) 32. Kd2 Rd4+ 33. Ke3 Qc3+ 34. Kf2 Qd2+ (34... Qxc2+ 35. Kg3 $16) 35. Kg3 Qf4+ 36. Kg2 Rd2+ 37. Kg1 Rxh2 38. Qxh2 Qc1+ (38... Qxf3 $2 39. Rxe8 Qxg4+ 40. Kf2 $18) (38... Qxh2+ $2 39. Kxh2 Rxe7 40. Kg3 $19) 39. Kf2 Qxc2+ (39... Rxe7 $2 40. Kg3 $19) 40. Kf1 Ba6+ (40... Qxh2 41. Rxe8 Ba6+ 42. Ke1 Qxa2 43. f4 a3 44. f5 Qh2 45. f6+ Kh7 46. Re7 a2 47. Rxf7+ Kh6 48. g5+ Kxg5 49. Rg7 a1=Q#) 41. Kg1 Qd1+ (41... Rxe7 $2 42. Qxc2 Re1+ 43. Kf2 $18) 42. Kg2 Rxe7 43. Kg3 Re2 (43... Qe1+ 44. Qf2 Qxf2+ 45. Kxf2 Re2+ 46. Kg3 Rxa2 47. Kh4 Rc2 48. Kg5 a3 49. Kf4 a2 50. Kg3 a1=Q 51. f4 Qe1+ 52. Kf3 Qf2+ 53. Ke4 Re2#) (43... Qe1+ 44. Qf2 Qxf2+ 45. Kxf2 Re2+ 46. Kg3 Rxa2 47. Kh3 a3 48. f4 Re2 49. g5 a2 50. f5 a1=Q 51. f6+ Kg8 52. Kg3 Qe5+ 53. Kg4 Bc8+ 54. Kh4 Qh2#)) 29... Qf4+ 30. Kb1 Rb8 {[%emt 0:04:49] [#]} 31. Re4 {[%emt 0:01:19] Wards off e5} (31. Rxe7 $2 {too greedy.} Bf5+ 32. gxf5 Qxh4 33. Rxh4 Rxe7 34. Rxa4 Re1+ (34... gxf5 $2 35. Bc4 $19) 35. Kc2 Re2+ (35... gxf5 $2 36. Bc4 $19) 36. Kc1 Rbxb2 $19 (36... gxf5 $2 37. Bb1 $19)) 31... Bf5 32. gxf5 Rxb2+ (32... Qxf5 $142 33. Qh6+ Kf6) 33. Kxb2 {[%emt 0:00:50] Qh7+ would kill now.} Rb8+ 34. Kc2 Qxf3 35. f6+ {[%emt 0:00:24] Weighted Error Value: White=0.16 (very precise) /Black=0.50.  Mistake:       	---       	Black=5      Inaccurate:     	---       	Black=1      OK:         	White=10    	Black=4      Best:        	White=3     	Black=3      Strong:       	White=1     	---} 1-0

[Event "SixDays Budapest IM-B January 2024"]
[Site "Budapest"]
[Date "2024.01.28"]
[Round "2.5"]
[White "Mouhamad, Joachim"]
[Black "Nemitz, Alfred"]
[Result "0-1"]
[ECO "C84"]
[WhiteElo "2316"]
[BlackElo "2223"]
[Annotator "TA"]
[PlyCount "48"]
[EventDate "2024.01.26"]
[EventType "tourn"]
[EventCountry "HUN"]
[SourceTitle "playchess.com"]
[Source "ChessBase"]
[SourceQuality "1"]
[TimeControl "5400+30"]

1. e4 e5 2. Nf3 Nc6 3. Bb5 a6 4. Ba4 Nf6 5. O-O Be7 6. d3 b5 7. Bb3 d6 8. c3 Na5 9. Bc2 c5 10. d4 cxd4 {[%emt 0:15:42] Die Stellung ist ausgeglichen.} 11. cxd4 O-O 12. h3 d5 13. exd5 {[%emt 0:12:36] Schwarz muss nun d6 beachten.} exd4 14. Qxd4 Bb7 15. Rd1 {[%emt 0:24:48] d6 ist eine echte Drohung.} Rc8 ({Günstiger ist} 15... Qxd5 $11 16. Qc3 Qc5) 16. Qd2 (16. Nc3 $14 {behält die Oberhand.}) 16... Bxd5 17. Nd4 Nc4 {[%emt 0:02:09] Schwarz steht aktiver.} 18. Qf4 Qb6 (18... Bd6 $15 {scheint genauer.} 19. Qh4 Ne4) 19. b3 $2 (19. Nf5 $11 {und Weiss ist OK.} Bc5 20. Nc3) 19... Bd6 $19 20. Qh4 Ne5 21. Be3 {[%emt 0:01:52] [#]} Qb7 $1 22. f3 $2 {[%emt 0:07:31] [#]} (22. Nf5 Bxg2 (22... Rxc2 23. Qg5 $15) 23. Nd2) 22... Bxf3 $1 23. Rd2 (23. Rf1 Rxc2) 23... Be4 {[%emt 0:01:37] Und ...Rfe8 würde nun gewinnen.} 24. Bxe4 (24. Re2 $142 Bxc2 25. Rxc2 Rxc2 26. Nxc2) 24... Rc1+ {[%emt 0:00:35] Gewichteter Fehlerwert: Weiß=0.94/Schwarz=0.13 (sehr präzise) .  Verlustzug:     	Weiß=1     	---        Fehler:       	Weiß=3     	Schwarz=2     Ungenau:       	Weiß=3     	Schwarz=1     OK:         	Weiß=5     	Schwarz=7     Bester:       	---       	Schwarz=3     Brilliant:      	---       	Schwarz=1} 0-1

[Event "SixDays Budapest IM-B January 2024"]
[Site "Budapest"]
[Date "2024.01.28"]
[Round "3.1"]
[White "Nemitz, Alfred"]
[Black "Sgircea, Silvia-Raluca"]
[Result "1/2-1/2"]
[ECO "D36"]
[WhiteElo "2223"]
[BlackElo "2242"]
[Annotator "NA RC"]
[PlyCount "63"]
[EventDate "2024.01.26"]
[EventType "tourn"]
[EventCountry "HUN"]
[SourceTitle "playchess.com"]
[Source "ChessBase"]
[SourceQuality "1"]
[TimeControl "5400+30"]

1. d4 d5 2. c4 e6 3. Nc3 Nf6 4. cxd5 exd5 5. Bg5 c6 6. Qc2 h6 7. Bh4 Be7 8. e3 O-O 9. Bd3 Re8 10. Nge2 a5 11. O-O Na6 12. a3 Nc7 13. Rae1 Ne6 14. f3 b5 15. Bf2 Ba6 16. Kh1 b4 17. Bxa6 Rxa6 18. Na4 Qa8 19. axb4 axb4 20. b3 Rc8 21. e4 c5 22. exd5 cxd4 23. Qd3 Nxd5 24. Nxd4 Nxd4 25. Bxd4 Bf8 26. Rd1 Rd6 27. Qb1 Re8 28. Rfe1 Rdd8 29. Rxe8 Rxe8 30. Qd3 Nf4 31. Qf5 Ne6 32. Bb2 1/2-1/2

[Event "SixDays Budapest IM-B January 2024"]
[Site "Budapest"]
[Date "2024.01.28"]
[Round "3.2"]
[White "Ihnat, Marek"]
[Black "Mouhamad, Joachim"]
[Result "0-1"]
[ECO "B62"]
[WhiteElo "2111"]
[BlackElo "2316"]
[Annotator "TA"]
[PlyCount "70"]
[EventDate "2024.01.26"]
[EventType "tourn"]
[EventCountry "HUN"]
[SourceTitle "playchess.com"]
[Source "ChessBase"]
[SourceQuality "1"]
[TimeControl "5400+30"]

1. e4 c5 2. Nf3 d6 3. d4 cxd4 4. Nxd4 Nf6 5. Nc3 Nc6 6. Bg5 e6 7. Qd3 Be7 8. O-O-O O-O 9. h4 Bd7 10. Be2 Rc8 11. Kb1 {[%emt 0:01:42] White is slightly better.} Qb6 12. Be3 Nxd4 13. Bxd4 Qa5 14. Be3 {[%emt 0:07:26] [#]} ({White should play} 14. Qd2 $14) 14... Rxc3 $1 15. Qxc3 Qxc3 16. bxc3 Nxe4 17. Bd4 Rc8 {[%emt 0:13:27][%mdl 1024] Black has compensation.} 18. Bf3 Nc5 {[%emt 0:00:36][%cal Be4c5,Bc5a4,Ba4c3][%mdl 32] Black is more active.} 19. Kc1 b6 20. g3 (20. c4 $11 {keeps the balance.}) 20... Bb5 (20... Na4 $17 21. Rd3 e5 22. Bxe5 Bf5 23. Bxd6 (23. Bb7 $2 Rc7 $19) 23... Bxd3 24. Bxe7 Bxc2 (24... Rxc3 25. Bd1 $11)) 21. Rhe1 Bc4 22. Kd2 Rc7 (22... Bxa2 $2 23. Ra1 Bc4 24. Rxa7 $18) 23. a3 Na4 {[%emt 0:02:03] ...e5 is the strong threat.} 24. Bg2 {[%emt 0:13:38] [#]} (24. Rb1 $1 $15) 24... e5 $1 $19 25. Be3 Be6 26. Ra1 f6 27. Bf1 (27. f4 $17 {was worth a try.}) 27... Kf7 ({Worse is} 27... Rxc3 28. Bb5 Rc4 29. f4 $14) 28. Bb5 Nxc3 29. a4 (29. Bd3 {keeps fighting.}) 29... d5 30. Kc1 d4 31. Bd2 {[%emt 0:00:16] White is weak on the dark squares} Bb4 ({Don't take} 31... Nxb5 32. axb5 Bf5 (32... Bb3 $2 33. Kb2 $19) 33. Ra2) 32. Bd3 g6 33. h5 (33. f4 $142) 33... Bd5 {[%emt 0:00:25] Black has a decisive advantage.} ({Don't play} 33... gxh5 34. f4 Ba2 (34... e4 $2 35. Bxe4 Nxe4 36. Rxe4 $19) 35. Kb2 Nxa4+ 36. Kc1) 34. hxg6+ hxg6 35. g4 Re7 {[%emt 0:03:27] Weighted Error Value: White=0.36/Black=0.15 (very precise) .  Mistake:       	White=6     	Black=1      Inaccurate:     	White=2     	Black=1      OK:         	White=7     	Black=8      Best:        	---       	Black=2      Strong:       	---       	Black=1} 0-1

[Event "SixDays Budapest IM-B January 2024"]
[Site "Budapest"]
[Date "2024.01.28"]
[Round "3.3"]
[White "Nemeth, Zoltan"]
[Black "Varadi, Viktor"]
[Result "1/2-1/2"]
[ECO "A89"]
[WhiteElo "2194"]
[BlackElo "2368"]
[Annotator "TA"]
[PlyCount "22"]
[EventDate "2024.01.26"]
[EventType "tourn"]
[EventCountry "HUN"]
[SourceTitle "playchess.com"]
[Source "ChessBase"]
[SourceQuality "1"]
[TimeControl "5400+30"]

1. d4 f5 2. g3 Nf6 3. Bg2 g6 4. Nf3 Bg7 5. O-O O-O 6. c4 d6 7. Nc3 Nc6 8. d5 Na5 9. Qd3 e5 {[%emt 0:02:06] [#] Droht stark ...e4.} 10. e4 ({Günstiger ist} 10. dxe6 $14 Bxe6 11. b3) 10... fxe4 11. Nxe4 Nxe4 {[%emt 0:00:08] Gewichteter Fehlerwert: Weiß=0.36/Schwarz=0.06 (makellos) .  Fehler:       	Weiß=1     	---} 1/2-1/2

[Event "SixDays Budapest IM-B January 2024"]
[Site "Budapest"]
[Date "2024.01.28"]
[Round "3.4"]
[White "Kolimar, Kristof Pal"]
[Black "Egresi, Mate"]
[Result "1-0"]
[ECO "B38"]
[WhiteElo "2304"]
[BlackElo "2389"]
[Annotator "TA"]
[PlyCount "83"]
[EventDate "2024.01.26"]
[EventType "tourn"]
[EventCountry "HUN"]
[SourceTitle "playchess.com"]
[Source "ChessBase"]
[SourceQuality "1"]
[TimeControl "5400+30"]

1. e4 c5 2. Nf3 Nc6 3. d4 cxd4 4. Nxd4 g6 5. c4 Bg7 6. Be3 d6 7. Nc3 Nf6 8. f3 O-O 9. Be2 Bd7 10. Qd2 Nxd4 11. Bxd4 Bc6 12. O-O Nd7 13. Bf2 Qa5 14. Rfc1 Rfc8 15. Rab1 {[%emt 0:03:30] White is slightly better.} Qd8 16. b4 {[%emt 0:03:29] b5 would now be deadly.} Ne5 17. f4 Nd7 18. Bd3 Nf8 19. Nd5 Ne6 (19... e5 $11) 20. Bh4 $36 {[%emt 0:04:13][%mdl 2048] White is in control.} Bxd5 21. exd5 Nf8 {[%emt 0:03:14] Black is weak on the light squares} 22. Re1 Qb6+ 23. Bf2 Qc7 24. c5 (24. h4 $16) 24... dxc5 ({Black should play} 24... a5 $14) 25. bxc5 $16 Rd8 (25... b6 $16) 26. Be4 $18 Ne6 $2 {[%emt 0:01:53] [#]} (26... Rab8 27. Rec1 h5) 27. Qc1 $1 Nd4 28. Rb4 Nf5 {[%emt 0:01:11] [#]} 29. d6 $1 exd6 (29... Nxd6 30. cxd6) 30. Rxb7 (30. Bxb7 Rab8 31. c6 a5 $16) 30... Qa5 31. c6 {[%emt 0:02:45] aiming for c7.} Bd4 32. Bxf5 Bxf2+ 33. Kxf2 Qxf5 34. Ree7 Qd5 35. Qb2 $2 {[%emt 0:03:15] Active counter play!} (35. Rxa7 Rxa7 36. Rxa7 Rc8 $11) (35. c7 $18 Rf8 36. Rb2) 35... Re8 $11 36. Qf6 {[%emt 0:04:50][%cal Rf6f7] Chess con chili.} Rxe7 37. Rxe7 {[%emt 0:00:28] And now c7 would win.} Qxa2+ {[%emt 0:01:55] KQR-KQR} 38. Kg3 {[%emt 0:00:07][%cal Oc6c7] Black must now prevent c7!} Rb8 $2 {[%emt 0:00:34][%mdl 8192] Loses the game.} (38... Qa3+ $11 39. Kh4 Rf8) 39. Qc3 $18 {[%emt 0:01:48] White wants to mate with c7.} (39. Qxd6 {leads to mate.} Rb3+ 40. Kh4 Qf2+ 41. Kg5 h6+ (41... Qxg2+ $2 {too greedy.} 42. Kf6 $18) 42. Kf6 Qh4+ (42... Qxg2 43. Qd8+ Kh7 44. Rxf7#) 43. Ke5 Qh5+ (43... Qxh2 44. Re8+ Kh7 45. Kf6 Qh4+ 46. Kxf7) (43... Re3+ $2 44. Kd4 $19) 44. f5 Qxf5+ (44... gxf5 45. Qd8+ Kg7 46. Qd4 $16) 45. Kd4 Qd3+ 46. Ke5 f6+ (46... Rb5+ 47. Kf4 Rf5+ 48. Kg4 h5+ 49. Kh4 Qc4+ 50. Re4 Qxe4+ 51. Qf4 Qxf4+ 52. Kh3 Qg4#) 47. Qxf6 Rb5+ 48. Kf4 Rb4+) 39... Kf8 40. Rb7 {[%emt 0:00:17] White mates.} Rxb7 41. cxb7 ({Don't blunder} 41. c7 $2 Rxc7 42. Qxc7 Qa3+ 43. Kf2 Qc5+ 44. Qxc5 dxc5 $19) 41... Qb1 {[%emt 0:00:08] [#]} 42. b8=Q+ $1 {[%emt 0:00:02][%mdl 512] Weighted Error Value: White=0.22 (precise) /Black=0.38.  Loses game:     	---       	Black=1      Missed win:     	White=1     	---        Mistake:       	White=1     	Black=4      Inaccurate:     	White=2     	Black=2      OK:         	White=8     	Black=13     Best:        	White=2     	---        Strong:       	White=1     	---} 1-0

[Event "SixDays Budapest IM-B January 2024"]
[Site "Budapest"]
[Date "2024.01.28"]
[Round "3.5"]
[White "Semprun Martinez, Fernando"]
[Black "Srinath, Rao S.V."]
[Result "0-1"]
[ECO "E81"]
[WhiteElo "2071"]
[BlackElo "2260"]
[Annotator "NA RC"]
[PlyCount "64"]
[EventDate "2024.01.26"]
[EventType "tourn"]
[EventCountry "HUN"]
[SourceTitle "playchess.com"]
[Source "ChessBase"]
[SourceQuality "1"]
[TimeControl "5400+30"]

1. d4 Nf6 2. c4 g6 3. Nc3 Bg7 4. e4 d6 5. f3 O-O 6. Be3 c5 7. Nge2 Nc6 8. d5 Ne5 9. Ng3 h5 10. Be2 h4 11. Nf1 e6 12. Bg5 h3 13. Ne3 exd5 14. Nexd5 hxg2 15. Rg1 Be6 16. Qd2 Nc6 17. Rxg2 Re8 18. O-O-O Nd4 19. h4 Bxd5 20. Nxd5 Ne6 21. Bxf6 Bxf6 22. h5 Bg5 23. f4 Nxf4 24. Nxf4 Rxe4 25. Rf1 Qf6 26. Rgf2 Rae8 27. Bd3 Rd4 28. Kc2 b5 29. Nd5 Qe5 30. Qc3 bxc4 31. Bxc4 Qe4+ 32. Kb3 Rb8+ 0-1